 Dungeon Crawl Stone Soup version 0.23-a0-644-gb60d84b (webtiles) character file.

320 Borgoz the Ruffian (level 6, 0/53 HPs)
             Began as a Ghoul Abyssal Knight on Jan 1, 2019.
             Was a Priest of Lugonu.
             Slain by Edmund
             ... wielding a +2 dire flail of protection
              (14 damage)
             ... on level 4 of the Dungeon.
             The game lasted 00:05:14 (3580 turns).

Borgoz the Ruffian (Ghoul Abyssal Knight)           Turns: 3580, Time: 00:05:15

Health: 0/53       AC:  5    Str: 16    XL:     6   Next: 46%
Magic:  6/6        EV: 11    Int:  7    God:    Lugonu [***...]
Gold:   159        SH:  0    Dex: 10    Spells: 5/5 levels left

rFire    . . .     SeeInvis .     - Unarmed
rCold    + . .     Gourm    .   (no shield)
rNeg     + + +     Faith    .   i - +0 ring mail
rPois    ∞         Spirit   .   (no helmet)
rElec    .         Reflect  .   (no cloak)
rCorr    .         Harm     .   (no gloves)
MR       .....                  (no boots)
Stlth    ..........             (no amulet)
HPRegen  0.00/turn              (no ring)
MPRegen  0.10/turn              (no ring)

@: flying, rotting
A: rotting body, claws 1, carnivore, cold resistance 1, negative energy
resistance 3, inhibited regeneration, torment resistance, unbreathing
a: Depart the Abyss, Bend Space, Banish, Renounce Religion


You were on level 4 of the Dungeon.
You worshipped Lugonu.
Lugonu was most pleased with you.
You were not hungry.

You visited 2 branches of the dungeon, and saw 5 of its levels.
You visited the Abyss 1 time.

You collected 159 gold pieces.

Inventory:

Armour
 i - a +0 ring mail (worn)
Jewellery
 n - an uncursed ring of stealth {unknown}
Scrolls
 a - 4 scrolls of identify {unknown}
 c - a scroll of fear {unknown}
 d - a scroll of amnesia {unknown}
 e - 3 scrolls of teleportation
 h - 2 scrolls of magic mapping {unknown}
 l - a scroll of fog {unknown}
 m - 3 scrolls of remove curse {unknown}
 o - a scroll of random uselessness {unknown}
Potions
 g - 3 potions of cancellation
 k - a potion of curing
Comestibles
 b - 7 rations
 p - 9 chunks of flesh


   Skills:
 + Level 4.4 Fighting
 + Level 3.4 Armour
 + Level 2.0 Dodging
 + Level 4.8 Unarmed Combat
 + Level 2.1 Invocations


You had 5 spell levels left.
You didn't know any spells.
Your spell library was empty.

Dungeon Overview and Level Annotations

Branches:
Dungeon (4/15)             Temple (1/1) D:4

Altars:
Ashenzari
Cheibriados
Elyvilon
Fedhas
Gozag
Hepliaklqana
Kikubaaqudgha
Makhleb
Nemelex Xobeh
Okawaru
Qazlal
Ru
Sif Muna
Trog
Uskayaw
Vehumet
Wu Jian
Xom
Yredelemnul
Zin
The Shining One

Annotations:
D:4 Edmund


Innate Abilities, Weirdness & Mutations

Your body is rotting away.
You thrive on raw meat.
You are immune to poison.
You have sharp fingernails.
You are carnivorous and can eat meat at any time.
Your flesh is cold resistant. (rC+)
You are immune to negative energy. (rN+++)
You do not regenerate when monsters are visible.
You are immune to unholy pain and torment.
You can survive without breathing.


Message History

Edmund is heavily wounded.
Edmund zaps a wand.
The puff of flame hits you!
You claw Edmund!
Edmund is severely wounded.
Edmund zaps a wand.
The puff of flame hits you!
You are too injured to fight recklessly!
You are too injured to fight recklessly!
You closely miss Edmund.
Edmund is severely wounded.
Edmund hits you but does no damage.
You scratch Edmund but do no damage.
Edmund is severely wounded.
You scratch Edmund but do no damage.
Edmund is severely wounded.
Edmund hits you with a +2 dire flail of protection!
* * * LOW HITPOINT WARNING * * *
You claw Edmund!
Edmund is almost dead.
Edmund hits you with a +2 dire flail of protection!
You die...

....##..#...### #.#
##..#.#.###
#.#..##..##...# #.#
#.#.#.#
#.##..##......# #.#
#...#.#
...##..........##.#
#..##.#
.>....8.........#.#
#..##.#
.).##)............####
#..##.#
#.##..##........#....#
#.....#
#.#..##.........#.##.#
##.#..# ....#
.........@.##.##
#.##..# .8..
........#@###..###.#
.># ..... .)......S#
##..##(# .# .#.###
.... ...# ##....# .
...# ... ....# ###..#
.. # .. .. .....# ##.#
. # . .....## #... #
...... #.##. ..# #


You could see Edmund and an adder.

Vanquished Creatures
  Jessica (D:2)
  Natasha (thrice) (D:4)
  4 gnolls
  8 adders
  An ooze (D:1)
  An adder zombie (D:4)
  4 worms
  A dart slug (D:2)
  6 orcs
  7 bats
  8 giant cockroaches
  6 hobgoblins
  7 jackals (D:1)
  3 quokkas
  A ball python (D:2)
  7 frilled lizards
  5 goblins
  11 kobolds
  A leopard gecko skeleton (D:4)
  A quokka skeleton (D:4)
  4 rats
90 creatures vanquished.

Notes
Turn   | Place    | Note
-------+----------+-------------------------------------------
     0 | Abyss:1  | Borgoz the Ghoul Abyssal Knight began the quest for the
                  | Orb.
     0 | Abyss:1  | Reached XP level 1. HP: 19/19 MP: 1/1
    41 | Abyss:1  | Noticed a tentacled monstrosity
    42 | D:1      | Escaped the Abyss
   112 | D:1      | Reached * piety under Lugonu
   112 | D:1      | Reached XP level 2. HP: 25/27 MP: 2/2
   375 | D:1      | Reached skill level 1 in Dodging
   376 | D:1      | Reached XP level 3. HP: 27/33 MP: 3/3
   821 | D:2      | Noticed Jessica
   837 | D:2      | Killed Jessica
   837 | D:2      | Reached XP level 4. HP: 35/40 MP: 4/4
   954 | D:2      | Reached ** piety under Lugonu
  1468 | D:2      | Reached XP level 5. HP: 45/47 MP: 5/5
  2695 | D:4      | Noticed Natasha
  2700 | D:4      | Killed Natasha
  2714 | D:4      | Noticed Natasha
  2715 | D:4      | Found a staircase to the Ecumenical Temple.
  2724 | D:4      | Killed Natasha
  2724 | D:4      | Reached XP level 6. HP: 25/53 MP: 6/6
  2772 | D:4      | Noticed Natasha
  2781 | D:4      | Killed Natasha
  2993 | Temple   | Entered the Ecumenical Temple
  3151 | Temple   | Reached *** piety under Lugonu
  3561 | D:4      | Noticed Edmund
  3580 | D:4      | Slain by Edmund

Vault maps used:
D:1:      dpeg_arrival_signposts
D:2:      uniq_jessica
D:3:      minmay_bisected
D:4:      minmay_temple_entry_waves, uniq_edmund, uniq_natasha
Temple:   grunt_wide_crystal_templ

Skill      XL: |  1  2  3  4  5  6 |
---------------+-------------------+-----
Fighting       | 4 |  4.4
Dodging        | 1 2 |  2.0
Armour         | 2 3 |  3.4
Unarmed Combat | 3 4 |  4.8
Invocations    | |  2.1

Action                   |  1- 3 |  4- 6 || total
-------------------------+-------+-------++-------
Melee: Unarmed           |   102 |   285 ||   387
       Punch             |       |     7 ||     7
Invok: Depart the Abyss  |     1 |       ||     1
  Use: Scroll            |     1 |       ||     1
       Potion            |       |     8 ||     8
  Eat: Chunk             |    11 |    13 ||    24
Armor: Leather armour    |    36 |       ||    36
       Ring mail         |     4 |    94 ||    98
Dodge: Dodged            |    74 |   148 ||   222

Table legend:
 A = Non-vault XP
 B = Vault XP
 C = Vault XP percentage of total XP
 D = Non-vault monster count
 E = Vault monster count
 F = Vault count percentage of total count
                 A         B        C        D         E       F
            +---------+---------+-------+---------+---------+-------
      Total |     379 |      79 |  17.2 |      84 |       6 |   6.7
            +---------+---------+-------+---------+---------+-------
        D:1 |      48 |       0 |   0.0 |      25 |       0 |   0.0
        D:2 |     112 |      37 |  24.8 |      29 |       1 |   3.3
        D:3 |      48 |       5 |   9.4 |      12 |       4 |  25.0
        D:4 |     141 |      37 |  20.8 |      15 |       1 |   6.2
     Temple |      30 |       0 |   0.0 |       3 |       0 |   0.0
            +---------+---------+-------+---------+---------+-------
